AoeStats
← luderick

Arabia

504049956Analyzed
1v1 RM · 1mo ago on Sep 3, 2026· 34m 29s· 2 players
Game mode
Random Map
Map size
Tiny (2 player)
Population
200
Speed
Normal
Resources
Standard
Victory
Conquest
Starting age
Dark Age
Ending age
Imperial Age
RankedLock teamsTeams togetherTeam positionsShared explorationLock speedFull tech treeHidden civsTurbo modeCheats
Victory
Defeat
🇲🇽 Magyars · Mexico
1001
+16
🇵🇱 Vietnamese · Poland
1000
-48
luderick
9:05 Loom
11:39 Feudal Age
17:36 Fletching
21:30 Wheelbarrow
20:41 Double-Bit Axe
22:44 Scale Barding Armor
22:40 Scale Mail Armor
24:08 Bloodlines
32:56 Forging
32:46 Padded Archer Armor
_wilDfox_
7:37 Loom
9:57 Feudal Age
10:31 Double-Bit Axe
13:08 Town Watch
14:40 Bloodlines
20:34 Horse Collar
23:17 Scale Barding Armor
23:57 Fletching
24:08 Padded Archer Armor
28:58 Castle Age
29:46 Husbandry
30:08 Chain Barding Armor
29:12 Crossbowman
31:06 Gold Mining
Connection lost

Rejoining the realm…

Still unreachable

The connection could not be restored.

Session expired

The server has moved on; the page needs a fresh start.